 Dungeon Crawl Stone Soup version 0.30-a0-613-gdd512c7efb (webtiles) character file.

Game seed: 13072662099071882080

158 timneilson the Shield-Bearer (level 5, 0/33 HPs)
             Began as a Gargoyle Fighter on Jan 9, 2023.
             Slain by Duvessa
             ... wielding a +0 short sword
              (3 damage)
             ... on level 4 of the Dungeon.
             The game lasted 00:04:22 (3135 turns).

timneilson the Shield-Bearer (Gargoyle Fighter)     Turns: 3135, Time: 00:04:23

Health: 0/33       AC: 14    Str: 22    XL:     5   Next: 40%
Magic:  5/5        EV:  7    Int:  8    God:
Gold:   161        SH:  4    Dex:  9    Spells: 4/4 levels left

rFire   . . .      SeeInvis .    a - +0 long sword (heavy)
rCold   . . .      Faith    .    c - +0 buckler
rNeg    + . .      Spirit   .    e - +0 chain mail
rPois   ∞          Reflect  .    (no helmet)
rElec   +          Harm     .    b - +0 cloak
rCorr   .          Rampage  .    (no gloves)
Will    .....                    (no boots) Stlth
                                 (no amulet)
HPRegen 0.25/turn                (no ring)
MPRegen 0.09/turn                (no ring)

@: no status effects
A: sickness immunity, AC +4, negative energy resistance 1, electricity
resistance, torment resistance 1, petrification resistance
a: no special abilities


You were on level 4 of the Dungeon.
You visited 2 branches of the dungeon, and saw 5 of its levels.

You collected 161 gold pieces.

Inventory:

Hand Weapons
 a - a +0 heavy long sword (weapon)
Armour
 b - a +0 cloak (worn)
 c - a +0 buckler (worn)
 e - a +0 chain mail (worn)
Scrolls
 g - a scroll of teleportation
 h - a scroll of brand weapon
Potions
 d - 2 potions of might
 f - 3 potions of brilliance
 j - a potion of curing {unknown}
 l - a potion of flight {unknown}


   Skills:
 + Level 3.7 Fighting
 * Level 2.8 Long Blades
 * Level 4.2 Armour
 + Level 1.2 Dodging
 * Level 4.3 Shields


You had 4 spell levels left.
You didn't know any spells.
Your spell library contained the following spells:

 Spells                   Type           Power      Damage    Failure   Level
 Apportation              Tloc           0%         N/A       99%         1
 Ignite Poison            Fire/Tmut/Pois 0%         N/A       100%        3
 Portal Projectile        Hex/Tloc       0%         N/A       100%        3
 Alistair's Intoxication  Tmut/Pois      0%         N/A       100%        5


Dungeon Overview and Level Annotations

Branches:
Dungeon (4/15)             Temple (1/1) D:4

Altars:
Ashenzari
Cheibriados
Dithmenos
Fedhas
Hepliaklqana
Qazlal
Ru
Uskayaw
Vehumet
Wu Jian
Xom
Yredelemnul
Zin

Shops:
D:4 *

Annotations:
D:4 1 transporter, Dowan, Duvessa


Innate Abilities, Weirdness & Mutations

You are immune to sickness and miasma.
Your stone body is resilient. (AC +4)
You are immune to poison.
You resist negative energy. (rN+)
You are resistant to electric shocks. (rElec)
You are resistant to unholy torment.
You are immune to petrification.


Message History

Found a radiant altar of Vehumet and a sacrificial altar of Ru.
Found a basalt altar of Yredelemnul and a shadowy altar of Dithmenos.
Found a broken altar of Ashenzari.
There is a fountain of clear blue water here.
There is a broken altar of Ashenzari here.
Found a hazy altar of Hepliaklqana.
Found a snail-covered altar of Cheibriados.
There is a fountain of clear blue water here.
Found an ornate altar of the Wu Jian Council.
Found a hide-covered altar of Uskayaw.
Found a shimmering altar of Xom.
Found a stormy altar of Qazlal.
Key pressed, stopping explore.
Partly explored, can't reach some places.
Unknown command.
There is a staircase back to the Dungeon here.
You climb upwards.
Welcome back to the Dungeon!
Level annotation: 1 transporter, Dowan, Duvessa
There is a staircase to the Ecumenical Temple here.
Dowan casts a spell at you. You resist with some effort.
Duvessa zaps a wand.
The bolt of light hits you!!
Ouch! That really hurt!
Found an escape hatch in the ceiling.
Dowan gestures at Duvessa while chanting.
Duvessa seems to speed up.
Duvessa zaps a wand.
The bolt of light misses you.
Duvessa zaps a wand.
The bolt of light hits you but does no damage.
Duvessa zaps a wand.
The bolt of light hits you!
* * * LOW HITPOINT WARNING * * *
Duvessa zaps a wand.
The bolt of light misses you.
You slash Duvessa!
Duvessa is heavily wounded.
Duvessa barely misses you.
Duvessa gestures with her weapon.
Duvessa hits you but does no damage.
You slash Duvessa!
Duvessa is severely wounded.
Duvessa hits you with a +0 short sword.
You die...

#.#.###..#####
...###..#
...<....#
##.####.# #.#
#.# #e#
#.#########
#e@........
###########


You could see Duvessa (fast) and Dowan.

Vanquished Creatures
  Jessica (D:3)
  6 adders
  A worm (D:2)
  3 dart slugs
  5 bats
  5 endoplasms
  3 giant cockroaches
  2 goblins
  8 hobgoblins
  5 jackals
  4 quokkas
  3 ball pythons
  6 frilled lizards
  10 kobolds
  10 rats
72 creatures vanquished.

Vanquished Creatures (others)
  A plant (D:1)
1 creature vanquished.

Grand Total: 73 creatures vanquished

Notes
Turn   | Place    | Note
-------+----------+-------------------------------------------
     0 | D:1      | timneilson the Gargoyle Fighter began the quest for the
                  | Orb.
     0 | D:1      | Reached XP level 1. HP: 14/14 MP: 1/1
   182 | D:1      | Reached XP level 2. HP: 19/19 MP: 2/2
   414 | D:1      | Reached XP level 3. HP: 23/23 MP: 3/3
   797 | D:1      | Found a faded altar of an unknown god.
  1546 | D:2      | Reached XP level 4. HP: 28/28 MP: 4/4
  1727 | D:2      | Reached skill level 1 in Dodging
  2253 | D:3      | Noticed Jessica
  2258 | D:3      | Killed Jessica
  2259 | D:3      | Reached XP level 5. HP: 33/33 MP: 5/5
  2265 | D:3      | Got Sif Muna's Opusculum on Alteration and the Compass
  2787 | D:4      | Found Fuanohus's Assorted Antiques.
  2882 | D:4      | Found a transporter.
  2902 | D:4      | Found a staircase to the Ecumenical Temple.
  2908 | D:4      | Noticed Duvessa
  2908 | D:4      | Noticed Dowan
  2912 | Temple   | Entered the Ecumenical Temple
  3135 | D:4      | Slain by Duvessa

Illustrated notes

Levels and vault maps discovered:
D:1:      lightli_arrival_chessboard, layout_basic,
          dreamdust_ecumenical_altar_statues, serial_forest,
          infiniplex_forest_lined_3, infiniplex_forest_straight_4,
          infiniplex_forest_straight_5, infiniplex_forest_clump_cross,
          infiniplex_forest_straight_5, infiniplex_forest_clump_C,
          infiniplex_forest_straight_2, infiniplex_forest_clump_curved,
          infiniplex_forest_end_2, kennysheep_pointless_box
D:2:      layout_loops_cross, patterned_corridor
D:3:      layout_basic, grunt_ministairs_1, uniq_jessica
D:4:      gammafunk_wand_slinger, layout_basic, minmay_temple_entry_glass,
          serial_shops, nicolae_shop_statue_plus, uniq_duvessa
Temple:   compressed_dpeg_triangle_lava_temple

Skill      XL: |  1  2  3  4 |
---------------+-------------+-----
Long Blades    | 2 |  2.8
Shields        | 4 |  4.3
Dodging        | 1 |  1.2
Armour         | 4 |  4.2
Fighting       | |  3.7

Action                   |  1- 3 |  4- 6 || total
-------------------------+-------+-------++-------
Melee: Long sword        |   143 |   119 ||   262
  Use: Scroll            |       |     6 ||     6
Armor: Chain mail        |   103 |    94 ||   197
Dodge: Dodged            |    51 |    73 ||   124
Block: Buckler           |    30 |    38 ||    68

Table legend: (Time is in decaauts)
 A = Elapsed time spent in this place.
 B = Non-inter-level travel time spent in this place.
 C = Inter-level travel time spent in this place.
 D = Time resting spent in this place.
 E = Time spent auto-exploring this place.
 F = Levels seen in this place.
 G = Mean time per level.
                   A        B        C        D        E       F      G
               +--------+--------+--------+--------+--------+-----+--------+
         Total |   3257 |   3131 |    126 |      0 |   2458 |   5 |  651.4 |
       Dungeon |   3053 |   2937 |    116 |      0 |   2275 |   4 |  763.2 |
        Temple |    203 |    193 |     10 |      0 |    183 |   1 |  203.0 |
               +--------+--------+--------+--------+--------+-----+--------+

Top non-repeatable levels by time:
     D:1: 1307 daAuts
     D:3: 796 daAuts
     D:2: 789 daAuts
  Temple: 203 daAuts
     D:4: 159 daAuts
